 Dungeon Crawl Stone Soup version 0.21-a0-369-g397cdb2 (webtiles) character file.

149 Humpert the Slasher (level 5, 0/39 HPs)
             Began as a Demonspawn Gladiator on Oct 15, 2017.
             Killed from afar by an orc wizard (11 damage)
             ... with a puff of flame
             ... on level 3 of the Dungeon.
             The game lasted 00:07:32 (2928 turns).

Humpert the Slasher (Demonspawn Gladiator)          Turns: 2928, Time: 00:07:33

Health: 0/39       AC:  7    Str: 15    XL:     5   Next: 9%
Magic:  5/5        EV: 13    Int:  9    God:
Gold:   107        SH:  0    Dex: 15    Spells: 4/4 levels left

rFire    . . .     SeeInvis .   a - +0 long sword
rCold    + . .     Gourm    .   (no shield)
rNeg     . . .     Faith    .   b - +0 leather armour
rPois    .         Spirit   .   c - +0 helmet
rElec    .         Reflect  .   (no cloak)
rCorr    .         Harm     .   (no gloves)
MR       .....                  (no boots)
Stlth    +.........             (no amulet)
HPRegen  0.13/turn              (no ring)
MPRegen  0.09/turn              (no ring)

@: no status effects
A: molten scales 2, cold resistance 1
a: no special abilities


You were on level 3 of the Dungeon.
You were hungry.

You visited 1 branch of the dungeon, and saw 3 of its levels.

You collected 107 gold pieces.

Inventory:

Hand Weapons
 a - a +0 long sword (weapon)
Missiles
 d - 3 throwing nets (quivered)
Armour
 b - a +0 leather armour (worn)
 c - a +0 helmet (worn)
Jewellery
 i - an uncursed amulet of guardian spirit {unknown}
 j - an uncursed ring of positive energy {unknown}
Scrolls
 g - a scroll of fear {unknown}
 h - a scroll of teleportation {unknown}
 m - 2 scrolls of identify {unknown}
 o - a scroll of amnesia {unknown}
Potions
 l - a potion of degeneration {unknown}
 n - a potion of invisibility {unknown}
Comestibles
 f - 2 bread rations


   Skills:
 * Level 2.7 Fighting
 + Level 3.9 Long Blades
 - Level 1.7 Throwing
 * Level 1.9 Armour
 + Level 3.3 Dodging


You had 4 spell levels left.
You didn't know any spells.

Dungeon Overview and Level Annotations

Branches:
Dungeon (3/15)

Altars:

Annotations:
D:3 Terence


Innate Abilities, Weirdness & Mutations

You are mostly covered in molten scales. (AC +3)
Your flesh is cold resistant. (rC+)


Message History

You are confused.
Something hits you but does no damage.
You hear some strange, mumbled words.
Something tries to affect you, but you resist.
You see here 19 stones.
You hear some strange, mumbled words.
Something tries to affect you, but you resist.
You feel less confused.
You see here 19 stones.
A magic dart appears from out of thin air!
The magic dart hits you!
* * * LOW HITPOINT WARNING * * *
An orc wizard appears from thin air!
Reactivating autopickup.
Items here: $ ( ) ? รท 11 gold pieces; 2 scrolls labeled EWA WEUCHAOSY; 16 sling bullets an uncursed hunting sling; a goblin skeleton The orc wizard points at you and mumbles some strange words.
The puff of flame hits you!
You die...

#.#.###........<(##..((
#.#...#)###......##.###
##.....#.#...#.##(##.#
#........#.###.##.((.###
#........#.....########.
#........####### #.
#......(.# #. #.....!o?#
#. #......@## ##
###.###$# #. #.#
###.###(# #.....).####
#....o..)..#
#......(##.# #.....<.# #
#.....).#


You could see an orc wizard.

Vanquished Creatures
  An orc wizard (D:3)
  4 adders (D:2)
  A gnoll (D:2)
  An ooze (D:1)
  A dart slug (D:1)
  4 leopard geckos
  2 orcs
  12 bats
  4 giant cockroaches
  9 goblins
  4 hobgoblins
  A quokka (D:2)
  2 ball pythons (D:2)
  5 frilled lizards
  10 kobolds
  9 rats
70 creatures vanquished.

Notes
Turn   | Place    | Note
-------+----------+-------------------------------------------
     0 | D:1      | Humpert the Demonspawn Gladiator began the quest for the Orb.
     0 | D:1      | Reached XP level 1. HP: 16/16 MP: 1/1
   172 | D:1      | Gained mutation: You are partially covered in molten scales. (AC +2) [demonic ancestry]
   172 | D:1      | Reached XP level 2. HP: 16/22 MP: 2/2
   968 | D:1      | Gained mutation: You are mostly covered in molten scales. (AC +3) [demonic ancestry]
   968 | D:1      | Reached XP level 3. HP: 25/27 MP: 3/3
  1150 | D:2      | Reached skill level 1 in Armour
  1414 | D:2      | Gained mutation: Your flesh is cold resistant. (rC+) [demonic ancestry]
  1414 | D:2      | Reached XP level 4. HP: 28/34 MP: 4/4
  2227 | D:3      | Noticed Terence
  2443 | D:3      | HP: 1/34 [orc wizard/magic dart (6)]
  2896 | D:3      | Reached XP level 5. HP: 36/39 MP: 5/5
  2928 | D:3      | Killed from afar by an orc wizard

Vault maps used:
D:1:      doesnt_arrival_eight_statues, minivault_23, item_on_display_a
D:2:      st_stairs_9
D:3:      uniq_terence, uniq_crazy_yiuf_cottage

Skill      XL: |  1  2  3 |
---------------+----------+-----
Long Blades    | 3 |  3.9
Dodging        | 3 |  3.3
Armour         | 1 |  1.9
Fighting       | |  2.7
Throwing       | |  1.7

Action                   |  1- 3 |  4- 6 || total
-------------------------+-------+-------++-------
Melee: Long sword        |    99 |   110 ||   209
  Use: Potion            |       |     2 ||     2
 Stab: Sleeping          |     1 |     1 ||     2
  Eat: Chunk             |     2 |     4 ||     6
Armor: Leather armour    |    43 |    50 ||    93
Dodge: Dodged            |   105 |    95 ||   200
       Rpst.: Long sword |    30 |    21 ||    51

Table legend:
 A = Spawn XP
 B = Non-spawn XP
 C = Spawn XP percentage of total XP
 D = Spawn monster count
 E = Non-spawn monster count
 F = Spawn count percentage of total count
 G = Total turns spent on level
                    A         B        C        D         E        F      G
               +---------+---------+-------+---------+---------+-------+---------
         Total |       0 |     213 |   0.0 |       0 |      70 |   0.0 |  2928
               +---------+---------+-------+---------+---------+-------+---------
           D:1 |       0 |      44 |   0.0 |       0 |      24 |   0.0 |  1123
           D:2 |       0 |     112 |   0.0 |       0 |      31 |   0.0 |  1437
           D:3 |       0 |      57 |   0.0 |       0 |      15 |   0.0 |   368
               +---------+---------+-------+---------+---------+-------+---------
